[Event "Titled Tuesday Blitz March 01 Early 2022"]
[White "Bethke, Richard"]
[Black "Kucuksari, Kaan"]
[WhiteFideId "12959243"]
[BlackFideId "6380166"]
[WhiteElo "2526"]
[BlackElo "2305"]
[Result "0-1"]
[Round "03"]
[TimeControl "180+1"]
[Date "2022.03.01"]
[WhiteClock "0:00:02"]
[BlackClock "0:00:12"]

1. e4 c6 2. Nf3 d5 3. Nc3 Bg4 4. h3 Bxf3 5. Qxf3 e6 6. Be2 Nd7 7. d4 Bb4 8. O-O Ne7 9. exd5 cxd5 10. Bg5 O-O 11. a3 Bxc3 12. Qxc3 h6 13. Bh4 Re8 14. Bd3 Qc8 15. Qd2 Nf5 16. Bxf5 exf5 17. Rfe1 Re4 18. Bg3 Qc6 19. f3 Ree8 20. Re2 Nf8 21. Rae1 Rxe2 22. Qxe2 Ne6 23. Qd3 f4 24. Bf2 Rc8 25. Re2 Qc4 26. Qxc4 Rxc4 27. b3 Rc3 28. Kf1 Rc6 29. Ke1 b5 30. Kd2 f6 31. Re1 Kf7 32. Ra1 a5 33. a4 b4 34. Rc1 Rc3 35. Re1 g5 36. Re2 h5 37. Kd1 Rc6 38. Kd2 Ng7 39. Re1 Nf5 40. Rc1 Rc3 41. Ke2 Ne7 42. Kd2 Nc6 43. Re1 f5 44. Re2 g4 45. hxg4 hxg4 46. fxg4 fxg4 47. Re1 g3 48. Bg1 Kf6 49. Re8 Ne7 50. Rf8+ Kg5 51. Ra8 Nc6 52. Rc8 f3 53. gxf3 Kf4 54. Rf8+ Kg5 55. Be3+ Kg6 56. Rg8+ Kf5 57. Rxg3 Ne7 58. Rg5+ Ke6 59. Re5+ Kd6 60. f4 Rc8 61. f5 Nc6 62. Re6+ Kd7 63. Kd3 Rf8 64. Rh6 Rxf5 65. Rh7+ Ne7 66. Bf2 Rxf2 67. Rh6 Rf3+ 68. Ke2 Rc3 69. Kd2 Nf5 70. Ra6 Nxd4 71. Rxa5 Kd6 72. Ra6+ Ke5 73. Ra8 Rxc2+ 74. Kd3 Rc3+ 75. Kd2 Nxb3+ 76. Ke2 Nc5 77. a5 Kd4 78. Rb8 Kc4 79. Rc8 Ra3 80. a6 Rxa6 81. Rb8 Ra2+ 82. Kd1 Kd3 83. Kc1 Kc3 84. Kb1 Rh2 85. Rb5 Rh1+ 86. Ka2 b3+ 87. Rxb3+ Nxb3 0-1


[Site "https://www.chess.com"]

[Event "Titled Tuesday Blitz March 01 Early 2022"]
[White "Bodnaruk, Anastasia"]
[Black "Siva Mahadevan"]
[WhiteFideId "4181751"]
[BlackFideId "25043153"]
[WhiteElo "2393"]
[BlackElo "2203"]
[Result "0-1"]
[Round "03"]
[TimeControl "180+1"]
[Date "2022.03.01"]
[WhiteClock "0:00:01"]
[BlackClock "0:00:46"]

1. e4 c5 2. Nc3 Nc6 3. Bb5 Nd4 4. Bc4 g6 5. Nf3 Bg7 6. Nxd4 cxd4 7. Qf3 Nh6 8. Ne2 O-O 9. d3 Ng4 10. Qg3 Nf6 11. Bb3 a5 12. a4 d5 13. e5 Nh5 14. Qh4 Bxe5 15. g4 Ng7 16. f4 Bf6 17. Qg3 e6 18. h4 h5 19. f5 exf5 20. g5 Be7 21. Nxd4 Bc5 22. Nb5 Bd7 23. Nc7 Qe7+ 24. Kd1 f4 25. Bxf4 Bg4+ 26. Kd2 Qe2+ 27. Kc1 Nf5 28. Qe1 Qg2 29. Nxd5 Bd4 30. c3 Rfe8 31. Qf1 Bf3 32. Qxg2 Bxg2 33. Rd1 Rad8 34. Nf6+ Bxf6 35. gxf6 Nxh4 36. Bg3 Nf5 37. Bf2 Re2 38. Bb6 Rd6 39. Bc7 Rxf6 40. d4 Ne3 41. Rg1 Bd5 42. Bxd5 Nxd5 43. Be5 Rff2 44. Bg3 Rc2+ 45. Kd1 Ne3+ 0-1


[Site "https://www.chess.com"]

[Event "Titled Tuesday Blitz March 01 Early 2022"]
[White "Bongo Akanga Ndjila, Barthelemy"]
[Black "Vifleemskaia, Svetlana"]
[WhiteFideId "10609431"]
[BlackFideId "4129490"]
[WhiteElo "1803"]
[BlackElo "1901"]
[Result "0-1"]
[Round "03"]
[TimeControl "180+1"]
[Date "2022.03.01"]
[WhiteClock "0:00:02"]
[BlackClock "0:01:42"]

1. d4 Nf6 2. c4 e6 3. Nf3 Bb4+ 4. Bd2 Qe7 5. g3 Nc6 6. Bg2 O-O 7. O-O Bxd2 8. Qxd2 d6 9. Nc3 e5 10. d5 Nb8 11. e4 a5 12. Nb5 c6 13. dxc6 bxc6 14. Qxd6 Re8 15. Qxe7 Rxe7 16. Nd6 Ba6 17. Rfd1 Nbd7 18. Nf5 Ree8 19. Nd6 Re7 20. b3 g6 21. Ne1 Re6 22. Nc2 Nc5 23. f3 Rd8 24. Nxf7 Rxd1+ 25. Rxd1 Kxf7 0-1


[Site "https://www.chess.com"]

[Event "Titled Tuesday Blitz March 01 Early 2022"]
[White "Bortnyk, Olexandr"]
[Black "Garagulya, Konstantin"]
[WhiteFideId "14120828"]
[BlackFideId "4128931"]
[WhiteElo "2723"]
[BlackElo "2329"]
[Result "1-0"]
[Round "03"]
[TimeControl "180+1"]
[Date "2022.03.01"]
[WhiteClock "0:00:10"]
[BlackClock "0:00:15"]

1. e4 c5 2. c3 d5 3. exd5 Qxd5 4. d4 Nf6 5. Nf3 cxd4 6. cxd4 e6 7. Nc3 Qd6 8. Bc4 Nc6 9. O-O Be7 10. Qe2 Nxd4 11. Nxd4 Qxd4 12. Nb5 Qb6 13. Be3 Bc5 14. Rfd1 Bxe3 15. Nd6+ Ke7 16. fxe3 Rd8 17. Nb5 Rxd1+ 18. Rxd1 a6 19. Nd6 Bd7 20. Qf3 Bc6 21. Qg3 Rd8 22. Qe5 Kf8 23. Rd2 Ne8 24. Bxe6 Rxd6 25. Rxd6 Nxd6 26. Qxd6+ Ke8 27. Bd7+ Kd8 28. Bxc6+ Kc8 29. Bd7+ 1-0


[Site "https://www.chess.com"]

[Event "Titled Tuesday Blitz March 01 Early 2022"]
[White "Boruchovsky, Avital"]
[Black "Marson, Juan Miguel"]
[WhiteFideId "2800055"]
[BlackFideId "106585"]
[WhiteElo "2469"]
[BlackElo "2053"]
[Result "1-0"]
[Round "03"]
[TimeControl "180+1"]
[Date "2022.03.01"]
[WhiteClock "0:00:38"]
[BlackClock "0:00:14"]

1. e4 e5 2. Nf3 Nc6 3. Bc4 Nf6 4. d3 Be7 5. O-O O-O 6. Re1 d6 7. c3 Kh8 8. Bb3 Ng8 9. d4 f5 10. dxe5 fxe4 11. Rxe4 Rxf3 12. Qxf3 Nxe5 13. Qd1 Bf5 14. Re1 Qf8 15. Bc2 Bh4 16. Be3 Ng4 17. Bxf5 Qxf5 18. Qf3 Qxf3 19. gxf3 Ne5 20. Nd2 Rf8 21. Kg2 Nf6 22. Bd4 Nd3 23. Re7 Nf4+ 24. Kf1 N4d5 25. Ree1 Kg8 26. Ne4 a6 27. Nxf6+ Bxf6 28. Bxf6 Rxf6 29. Rad1 c6 30. c4 Nb4 31. Re7 b5 32. a3 Nc2 33. Re2 bxc4 34. Rxc2 d5 35. Rc3 Kf7 36. b3 cxb3 37. Rxb3 Ke6 38. Rb6 Kd6 39. Rd3 a5 40. Ra6 Rh6 41. Rc3 1-0


[Site "https://www.chess.com"]

[Event "Titled Tuesday Blitz March 01 Early 2022"]
[White "Brodowski, Piotr"]
[Black "Moskalenko, Alexander"]
[WhiteFideId "1124480"]
[BlackFideId "4155351"]
[WhiteElo "2422"]
[BlackElo "2515"]
[Result "0-1"]
[Round "03"]
[TimeControl "180+1"]
[Date "2022.03.01"]
[WhiteClock "0:00:02"]
[BlackClock "0:01:16"]

1. c4 e6 2. Nf3 d5 3. e3 Nf6 4. b3 Nbd7 5. Bb2 Bd6 6. Qc2 O-O 7. g4 e5 8. g5 Ne4 9. cxd5 Nxg5 10. Be2 Nxf3+ 11. Bxf3 f5 12. Nc3 e4 13. Be2 Ne5 14. O-O-O a6 15. Rhg1 Rf7 16. d4 Ng6 17. f3 exf3 18. Bxf3 Qh4 19. Rg2 Bd7 20. Kb1 Re8 21. Bc1 Qh3 22. Rf2 Nh4 23. Bh5 g6 24. Rg1 Rxe3 25. Bxe3 Qxe3 26. Qd2 Re7 27. Qxe3 Rxe3 28. Kc2 Kf7 29. Be2 Kg7 30. Rgf1 Rh3 31. Rh1 g5 32. Bf1 Rf3 33. Rxf3 Nxf3 34. h3 Nxd4+ 35. Kd3 Nf3 36. Bg2 Nh4 37. Rg1 Nxg2 38. Rxg2 Kf6 39. Ne2 h5 40. Nd4 g4 41. hxg4 fxg4 42. Ke4 h4 43. Rf2+ Kg6 44. Ne6 g3 45. Rc2 h3 46. Kf3 g2 47. Rc1 Bxe6 48. dxe6 Bc5 49. Rxc5 g1=Q 50. Rxc7 0-1


[Site "https://www.chess.com"]

[Event "Titled Tuesday Blitz March 01 Early 2022"]
[White "Brunner, Nicolas"]
[Black "Kohler, Aran"]
[WhiteFideId "620246"]
[BlackFideId "1002856"]
[WhiteElo "2372"]
[BlackElo "2250"]
[Result "0-1"]
[Round "03"]
[TimeControl "180+1"]
[Date "2022.03.01"]
[WhiteClock "0:00:04"]
[BlackClock "0:00:18"]

1. d4 Nf6 2. c4 c5 3. d5 b5 4. cxb5 a6 5. b6 Qxb6 6. Nc3 d6 7. e4 g6 8. Nf3 Nbd7 9. Nd2 Bg7 10. Be2 O-O 11. Nc4 Qc7 12. Bf4 Rb8 13. O-O Ne5 14. Bxe5 dxe5 15. Qc2 Ne8 16. Na4 Nd6 17. b3 Bd7 18. Ncb2 f5 19. f3 Bb5 20. Bxb5 axb5 21. Qxc5 Qb7 22. Nc3 b4 23. Nca4 fxe4 24. fxe4 Nxe4 25. Qe3 Nc3 26. Nxc3 bxc3 27. Qxc3 e4 28. Qc2 Qxd5 29. Kh1 Qd4 30. Rxf8+ Rxf8 31. Rb1 Qxb2 32. Qc4+ Kh8 33. Rxb2 Bxb2 34. g3 e3 35. a4 e5 36. a5 Bd4 37. a6 Rf2 38. Qc8+ Kg7 39. Qd7+ Kh6 40. Qh3+ Kg7 41. a7 e2 42. a8=Q e1=Q+ 0-1


[Site "https://www.chess.com"]

[Event "Titled Tuesday Blitz March 01 Early 2022"]
[White "Butti, Enrique"]
[Black "Karas, Marek"]
[WhiteFideId "3700470"]
[BlackFideId "14928558"]
[WhiteElo "2080"]
[BlackElo "2270"]
[Result "0-1"]
[Round "03"]
[TimeControl "180+1"]
[Date "2022.03.01"]
[WhiteClock "0:01:26"]
[BlackClock "0:01:05"]

1. d4 Nf6 2. Nf3 c5 3. e3 g6 4. Bd3 Bg7 5. O-O O-O 6. c3 d5 7. Ne5 Nc6 8. f4 Bf5 9. Bxf5 gxf5 10. Nd2 e6 11. Rf3 Ne4 12. Nxe4 dxe4 13. Rh3 cxd4 14. cxd4 Nxe5 15. fxe5 Qg5 16. Bd2 Rac8 17. Be1 Qg6 18. Bh4 Qg4 19. Bf6 Qxd1+ 20. Rxd1 Bxf6 21. exf6 Kh8 22. d5 Rfd8 23. d6 Rc6 0-1


[Site "https://www.chess.com"]

[Event "Titled Tuesday Blitz March 01 Early 2022"]
[White "Chernomordik, Pavel"]
[Black "Kozak, Adam"]
[WhiteFideId "2804530"]
[BlackFideId "753246"]
[WhiteElo "2249"]
[BlackElo "2459"]
[Result "0-1"]
[Round "03"]
[TimeControl "180+1"]
[Date "2022.03.01"]
[WhiteClock "0:00:02"]
[BlackClock "0:01:07"]

1. e4 c6 2. Nc3 d5 3. Qf3 d4 4. Bc4 e6 5. Nce2 a5 6. a3 Nd7 7. Qg3 b5 8. Ba2 h5 9. h4 Nc5 10. d3 a4 11. f4 Na6 12. Nf3 c5 13. O-O Ra7 14. Ne5 Nf6 15. Nc6 Qb6 16. Nxa7 Qxa7 17. f5 exf5 18. exf5 c4 19. Bg5 Be7 20. Qe5 O-O 21. Nf4 Bd8 22. Nd5 Ng4 23. Qg3 Qc5 24. Bxd8 Rxd8 25. Nf4 Bxf5 26. Nxh5 g6 27. Nf4 Re8 28. Rae1 Re3 29. Rxe3 dxe3 30. Kh1 Nc7 31. dxc4 bxc4 32. Re1 Ne8 33. Qf3 Nef6 34. Qe2 Ne4 35. Qxc4 Qa7 36. Qxf7+ Qxf7 37. Bxf7+ Kxf7 38. Nd5 e2 39. Kg1 Ng3 40. Nf4 Ne3 41. Nxe2 Nxc2 42. Nxg3 Nxe1 43. h5 Nd3 44. hxg6+ Kxg6 45. Ne2 Nxb2 46. Nc3 Bc2 0-1


[Site "https://www.chess.com"]

[Event "Titled Tuesday Blitz March 01 Early 2022"]
[White "Chigaev, Maksim"]
[Black "Mirzoev, Azer"]
[WhiteFideId "4108116"]
[BlackFideId "13400304"]
[WhiteElo "2502"]
[BlackElo "2525"]
[Result "0-1"]
[Round "03"]
[TimeControl "180+1"]
[Date "2022.03.01"]
[WhiteClock "0:00:02"]
[BlackClock "0:00:06"]

1. e4 e6 2. d4 d5 3. Nc3 dxe4 4. Nxe4 Bd7 5. d5 exd5 6. Qxd5 Nc6 7. Bg5 Nge7 8. Qc4 Be6 9. Qc3 Qd5 10. Bd3 O-O-O 11. Nf3 h6 12. Bxe7 Bxe7 13. O-O f5 14. Ng3 Bf6 15. Qa3 Kb8 16. Rfe1 Bc8 17. Nh5 Nd4 18. Nxd4 Bxd4 19. Nf4 Qc6 20. Qb3 Qc5 21. Rf1 Rhe8 22. Ne2 Be5 23. Rad1 g5 24. a3 f4 25. Bg6 Rf8 26. Be4 Qb6 27. Qxb6 axb6 28. c3 c6 29. f3 Kc7 30. Rfe1 b5 31. Kf1 Be6 32. Nd4 Bc4+ 33. Kf2 Bxd4+ 34. cxd4 Rfe8 35. Rd2 Kb6 36. h4 Re7 37. hxg5 hxg5 38. Rh1 Red7 39. Rh5 Rxd4 40. Rxd4 Rxd4 41. Ke1 g4 42. Rf5 gxf3 43. gxf3 Bb3 44. Rxf4 Rd1+ 45. Kf2 Rd2+ 46. Kg3 Rxb2 47. Rf8 Ra2 48. f4 Rxa3 49. Kf2 Ra4 50. Ke3 Ra3 51. Kf2 b4 52. f5 Bc4 53. f6 Ra1 54. Ke3 b3 55. Rd8 Rf1 56. Rd4 Bf7 57. Rb4+ Kc7 58. Bd3 Rxf6 59. Kd2 b5 60. Rh4 Kb6 61. Kc3 Bd5 62. Rh7 Rf3 63. Kd4 Rf4+ 64. Kc3 b4+ 65. Kd2 Rf2+ 66. Ke3 Rf3+ 67. Ke2 Rg3 68. Kd2 Kc5 69. Rh4 Rg2+ 70. Ke3 b2 71. Rf4 Rg3+ 72. Kd2 Rxd3+ 0-1


[Site "https://www.chess.com"]

[Event "Titled Tuesday Blitz March 01 Early 2022"]
[White "Cori T., Deysi"]
[Black "Todorovic, Bojan"]
[WhiteFideId "3801934"]
[BlackFideId "917087"]
[WhiteElo "2350"]
[BlackElo "2266"]
[Result "1-0"]
[Round "03"]
[TimeControl "180+1"]
[Date "2022.03.01"]
[WhiteClock "0:00:07"]
[BlackClock "0:00:01"]

1. d4 Nf6 2. Nf3 g6 3. g3 Bg7 4. Bg2 O-O 5. O-O d6 6. b3 c5 7. e3 Nc6 8. Bb2 Ne4 9. Nbd2 Nxd2 10. Qxd2 Bg4 11. c4 Qa5 12. Bc3 Qa3 13. h3 Bd7 14. Rfd1 Rfd8 15. Ne1 Rac8 16. Nc2 Qa6 17. dxc5 dxc5 18. Bxg7 Kxg7 19. Qc3+ f6 20. Rd5 Qb6 21. Rad1 Be6 22. Rxd8 Rxd8 23. Rxd8 Nxd8 24. Ne1 Qd6 25. Nd3 b6 26. Kh2 Nf7 27. f4 Bd7 28. e4 Bc6 29. e5 Qd7 30. exf6+ exf6 31. Bxc6 Qxc6 32. Nf2 Qe6 33. Qd3 Nd6 34. Kg2 Nf5 35. Qe4 Qd7 36. g4 Nd4 37. g5 Kf7 38. gxf6 Qe6 39. Qe5 Qxf6 40. Qb8 Qe7 41. Qh8 Qb7+ 42. Kh2 Qf3 43. Qxh7+ Kf6 44. Qh8+ Ke6 45. Qe5+ Kd7 46. Qd5+ Qxd5 47. cxd5 Kd6 48. h4 Kxd5 49. Kg3 b5 50. Kg4 c4 51. bxc4+ bxc4 52. Nd1 Ne2 53. Kg5 Ke4 54. f5 gxf5 55. h5 c3 56. Nxc3+ Nxc3 57. h6 Ke5 58. h7 Ne4+ 59. Kg6 f4 60. h8=Q+ Kd5 61. Qd8+ Ke5 62. Qe7+ Kd4 63. Qxa7+ Kd3 64. Qd7+ Ke2 65. Kf5 1-0


[Site "https://www.chess.com"]

[Event "Titled Tuesday Blitz March 01 Early 2022"]
[White "Costachi, Mihnea"]
[Black "Dolzhykova, Kateryna"]
[WhiteFideId "1217518"]
[BlackFideId "14113414"]
[WhiteElo "2464"]
[BlackElo "2165"]
[Result "1-0"]
[Round "03"]
[TimeControl "180+1"]
[Date "2022.03.01"]
[WhiteClock "0:01:17"]
[BlackClock "0:00:03"]

1. f4 e5 2. fxe5 d6 3. exd6 Bxd6 4. Nf3 Nf6 5. Nc3 Ng4 6. e4 Nxh2 7. Bb5+ c6 8. e5 Bxe5 9. Qe2 Nxf3+ 10. gxf3 Qe7 11. Bc4 Bg3+ 12. Kf1 Qxe2+ 13. Nxe2 Bd6 14. d4 b5 15. Bd3 Be6 16. Bf4 Kd7 17. Re1 Na6 18. c3 Rae8 19. a4 Nc7 20. axb5 cxb5 21. Ra1 a6 22. Bxd6 Kxd6 23. Ng3 Kc6 24. Ne4 Bf5 25. Kf2 Kb6 26. Rh5 g6 27. Rh4 h5 28. b3 Nd5 29. c4 Nb4 30. c5+ Kc7 31. Bb1 Rd8 32. Nd6 Bxb1 33. Rxb1 Rxd6 34. cxd6+ Kxd6 35. Ra1 Rc8 36. d5 Rc2+ 37. Kg3 Nxd5 38. Rxa6+ Rc6 39. Rxc6+ Kxc6 40. Re4 Kd6 41. f4 f6 42. b4 g5 43. f5 h4+ 44. Kg4 Nf4 45. Rd4+ Ke5 46. Rd8 h3 47. Rb8 h2 48. Rh8 Kd4 49. Rxh2 Kc4 50. Rh6 Nd5 51. Kf3 Kxb4 52. Ke4 Kc5 53. Rh8 b4 54. Rc8+ Kd6 55. Rd8+ Kc6 56. Rxd5 b3 57. Rd3 1-0


[Site "https://www.chess.com"]

[Event "Titled Tuesday Blitz March 01 Early 2022"]
[White "Coto Mederos, Michel"]
[Black "Svane, Frederik"]
[WhiteFideId "3508528"]
[BlackFideId "12923044"]
[WhiteElo "2427"]
[BlackElo "2459"]
[Result "0-1"]
[Round "03"]
[TimeControl "180+1"]
[Date "2022.03.01"]
[WhiteClock "0:00:04"]
[BlackClock "0:00:21"]

1. c4 e6 2. Nc3 Nf6 3. e4 d5 4. e5 d4 5. exf6 dxc3 6. bxc3 Qxf6 7. Nf3 b6 8. Bd3 Bb7 9. Qe2 Bd6 10. Be4 Bxe4 11. Qxe4 c6 12. d4 O-O 13. O-O Qg6 14. Qe2 Nd7 15. Rd1 Rfe8 16. c5 Bc7 17. Be3 Nf6 18. Ne5 Bxe5 19. dxe5 Nd5 20. Rac1 b5 21. Rd4 a5 22. Rg4 Qf5 23. Rg5 Nf4 24. Bxf4 Qxf4 25. Qe3 Qxe3 26. fxe3 Red8 27. Rc2 Rd5 28. Kf2 h6 29. Rg4 Rxe5 30. Rd4 Ra7 31. Ke2 Rxc5 32. e4 Kf8 33. Kd3 Ke7 34. Ke3 Rd7 35. Rxd7+ Kxd7 36. Kd3 Rc4 37. Rf2 Ke7 38. Re2 Ra4 39. Rf2 e5 40. Re2 Ke6 41. Rf2 h5 42. Rb2 g6 43. g3 f5 44. exf5+ gxf5 45. Rf2 h4 46. gxh4 Rxh4 47. Rg2 Kd5 48. Kc2 Kc4 49. Rf2 f4 50. Re2 Kd5 51. Rd2+ Ke4 52. c4 bxc4 53. Kc3 f3 54. Kxc4 Ke3+ 55. Kc3 Rc4+ 56. Kxc4 Kxd2 0-1


[Site "https://www.chess.com"]

[Event "Titled Tuesday Blitz March 01 Early 2022"]
[White "Dauner, Benedikt"]
[Black "FGHSMN"]
[WhiteFideId "16225899"]
[WhiteElo "2230"]
[BlackElo "2686"]
[Result "0-1"]
[Round "03"]
[TimeControl "180+1"]
[Date "2022.03.01"]
[WhiteClock "0:00:11"]
[BlackClock "0:00:23"]

1. d4 Nf6 2. Nf3 d6 3. Nc3 g6 4. e4 Bg7 5. Be2 O-O 6. O-O c6 7. a4 Nbd7 8. Re1 e5 9. dxe5 Nxe5 10. Nxe5 dxe5 11. Be3 Qc7 12. Qc1 Bg4 13. Bc4 Rad8 14. Bh6 Rd4 15. Bb3 Rfd8 16. h3 Bc8 17. a5 Bxh6 18. Qxh6 Qe7 19. Qg5 Kg7 20. Qe3 Be6 21. Bxe6 Qxe6 22. Ra3 Qc4 23. Rb3 R8d7 24. f3 Qc5 25. Ne2 Rc4 26. Qxc5 Rxc5 27. c3 Rxa5 28. Kf2 b6 29. Ke3 Rd6 30. g4 Nd7 31. Ra3 Rxa3 32. bxa3 Nc5 33. Ra1 Rd3+ 34. Kf2 Kf6 35. Rc1 Ke7 36. h4 Rd2 37. Ke3 Ra2 38. h5 Rxa3 39. h6 a5 40. Ng1 b5 41. Nh3 f6 42. g5 b4 43. gxf6+ Kxf6 44. Kf2 Rxc3 45. Rd1 Nd3+ 46. Kg3 b3 47. Kg4 b2 48. Ng5 Rc1 49. Rxd3 Rg1+ 50. Kh4 b1=Q 51. Rd6+ Ke7 52. Re6+ Kd7 53. Nxh7 Qe1+ 0-1


[Site "https://www.chess.com"]

[Event "Titled Tuesday Blitz March 01 Early 2022"]
[White "De Souza, Cristiano Gomes"]
[Black "Wachinger, Guenther"]
[WhiteFideId "2151758"]
[BlackFideId "4604261"]
[WhiteElo "2068"]
[BlackElo "2212"]
[Result "1-0"]
[Round "03"]
[TimeControl "180+1"]
[Date "2022.03.01"]
[WhiteClock "0:01:48"]
[BlackClock "0:01:28"]

1. d4 Nf6 2. c4 c5 3. d5 b5 4. cxb5 a6 5. bxa6 g6 6. Nc3 Bg7 7. g3 O-O 8. Bg2 d6 9. Nf3 Nbd7 10. Rb1 Nb6 11. O-O Bxa6 12. b3 Bb7 13. Nh4 Ra7 14. a4 Qa8 15. Nb5 Nfxd5 16. Bb2 Ra6 17. Bxd5 Nxd5 18. Bxg7 Kxg7 19. e4 Nb4 20. Nc7 Qc8 21. Nxa6 Bxa6 22. Re1 Qe6 23. Re3 Rb8 24. Qd2 Nc6 25. Nf3 f6 26. Qd5 Qd7 27. e5 Nb4 28. Qd2 fxe5 29. Nxe5 Qf5 30. Rbe1 dxe5 31. Rxe5 Qf6 32. Rxe7+ Kg8 33. Qh6 Qh8 34. Re8+ 1-0


[Site "https://www.chess.com"]

[Event "Titled Tuesday Blitz March 01 Early 2022"]
[White "Deac, Bogdan-Daniel"]
[Black "Matinian, Nikita"]
[WhiteFideId "1226380"]
[BlackFideId "24129100"]
[WhiteElo "3026"]
[BlackElo "2754"]
[Result "1-0"]
[Round "03"]
[TimeControl "180+1"]
[Date "2022.03.01"]
[WhiteClock "0:00:04"]
[BlackClock "0:00:02"]

1. e4 d6 2. d4 g6 3. Nc3 Bg7 4. Be3 a6 5. g4 b5 6. Bg2 Bb7 7. h4 h5 8. gxh5 Rxh5 9. Nce2 Nd7 10. Ng3 Rh8 11. h5 c5 12. hxg6 fxg6 13. Qg4 Kf7 14. Rxh8 Bxh8 15. Nh3 cxd4 16. Ng5+ Ke8 17. Qe6 Ndf6 18. Bxd4 Nh6 19. e5 Bxg2 20. exf6 Qd7 21. f7+ Nxf7 22. Qxf7+ Kd8 23. Bxh8 Qg4 24. Qxg6 Kd7 25. Bc3 Rf8 26. Bd2 Rf6 27. Qg7 Bc6 28. Be3 1-0


[Site "https://www.chess.com"]

[Event "Titled Tuesday Blitz March 01 Early 2022"]
[White "Demchenko, Anton"]
[Black "Tsvetkov, Andrey"]
[WhiteFideId "4160258"]
[BlackFideId "34139360"]
[WhiteElo "2539"]
[BlackElo "2280"]
[Result "1-0"]
[Round "03"]
[TimeControl "180+1"]
[Date "2022.03.01"]
[WhiteClock "0:02:05"]
[BlackClock "0:00:16"]

1. e4 c5 2. Nf3 d6 3. d4 cxd4 4. Qxd4 Nf6 5. Nc3 Nc6 6. Bb5 Bd7 7. Bxc6 Bxc6 8. Bg5 e6 9. O-O-O Be7 10. Qd3 Qa5 11. Kb1 O-O 12. h4 b5 13. Nd4 Bd7 14. f3 b4 15. Nce2 Qb6 16. Be3 Qb7 17. g4 Rfd8 18. h5 Ne8 19. g5 e5 20. Nf5 Bxf5 21. exf5 Qxf3 22. Rdf1 Qc6 23. Ng3 Rac8 24. f6 Bf8 25. g6 Nxf6 26. gxf7+ Kh8 27. h6 e4 28. Qd1 Nd5 29. hxg7+ Bxg7 30. Rxh7+ 1-0


[Site "https://www.chess.com"]

[Event "Titled Tuesday Blitz March 01 Early 2022"]
[White "Di Nicolantonio, Lucas"]
[Black "Boraso, Alessio"]
[WhiteFideId "680460"]
[BlackFideId "848077"]
[WhiteElo "2381"]
[BlackElo "2277"]
[Result "1-0"]
[Round "03"]
[TimeControl "180+1"]
[Date "2022.03.01"]
[WhiteClock "0:00:07"]
[BlackClock "0:00:03"]

1. e4 g5 2. d4 Bg7 3. Bxg5 c5 4. Be3 Qb6 5. Nc3 cxd4 6. Nd5 Qxb2 7. Rb1 Qxa2 8. Bd2 Nf6 9. Nc7+ Kd8 10. Nxa8 Nxe4 11. Nf3 Nc6 12. Bd3 d5 13. O-O Qa3 14. Qe2 f5 15. Ra1 Qd6 16. Rfb1 Rg8 17. g3 h5 18. Kh1 e5 19. Ng5 Ke7 20. f3 Nxd2 21. Qxd2 Bh6 22. f4 e4 23. Bb5 Bxg5 24. fxg5 e3 25. Qd3 f4 26. Bxc6 bxc6 27. Qxd4 Bd7 28. Rxa7 fxg3 29. Qxe3+ Kf8 30. Rf1+ Kg7 31. Qd4+ Kh7 32. Rf7+ Kg6 33. Rf6+ Kxg5 34. Rxd6 g2+ 35. Kg1 Kf5 36. Rf6+ 1-0


[Site "https://www.chess.com"]

[Event "Titled Tuesday Blitz March 01 Early 2022"]
[White "Djokic, Mihailo"]
[Black "Karabalis, Harilos"]
[WhiteFideId "976440"]
[BlackFideId "4621808"]
[WhiteElo "2008"]
[BlackElo "2168"]
[Result "0-1"]
[Round "03"]
[TimeControl "180+1"]
[Date "2022.03.01"]
[WhiteClock "0:00:59"]
[BlackClock "0:00:26"]

1. e4 e6 2. d4 d5 3. Nc3 Bb4 4. e5 Ne7 5. a3 Bxc3+ 6. bxc3 c5 7. h4 Nbc6 8. h5 h6 9. Qg4 Kf8 10. Nf3 Qa5 11. Bd2 Qa4 12. Ra2 Nf5 13. Qf4 c4 14. g4 Nfe7 15. Nh4 Qb5 16. Ra1 Qb2 17. Rc1 Qxa3 18. Rh3 Bd7 19. Rf3 Nd8 20. g5 hxg5 21. Qxg5 Nf5 22. Nxf5 exf5 23. Bh3 Qe7 24. Qg2 Rxh5 25. Rg3 g6 26. Bg5 Qa3 27. Qxd5 Rxg5 28. Kd2 Rxg3 29. fxg3 Be6 30. Qb5 a6 31. Qb6 Bd5 32. Rb1 Qe7 33. Rg1 Qg5+ 34. Ke2 Qh5+ 35. Ke1 Qxh3 36. Qc5+ Kg7 37. Qxd5 Qh2 38. Rg2 Qh1+ 39. Kf2 Ne6 40. Qxb7 Rh8 41. d5 Rh2 42. dxe6 Rxg2+ 43. Qxg2 Qxg2+ 44. Kxg2 fxe6 45. Kf3 g5 46. Ke3 a5 47. Kd4 f4 48. gxf4 gxf4 49. Kxc4 a4 50. Kb4 f3 51. Kxa4 f2 0-1


[Site "https://www.chess.com"]

[Event "Titled Tuesday Blitz March 01 Early 2022"]
[White "Durarbayli, Vasif"]
[Black "Maltsevskaya, Aleksandra"]
[WhiteFideId "13402935"]
[BlackFideId "24174041"]
[WhiteElo "2528"]
[BlackElo "2283"]
[Result "1/2-1/2"]
[Round "03"]
[TimeControl "180+1"]
[Date "2022.03.01"]
[WhiteClock "0:00:06"]
[BlackClock "0:00:18"]

1. e4 c6 2. d4 d5 3. exd5 cxd5 4. c4 Nf6 5. Nc3 Nc6 6. Nf3 Bg4 7. Bg5 Ne4 8. cxd5 Nxc3 9. bxc3 Qxd5 10. c4 Qe4+ 11. Be3 e6 12. Bd3 Bb4+ 13. Kf1 Bxf3 14. Bxe4 Bxd1 15. Rxd1 O-O 16. Rb1 a5 17. Rb3 Rac8 18. Ke2 f5 19. Bxc6 Rxc6 20. a3 Be7 21. c5 Rd8 22. Rxb7 Bf6 23. Rb6 Rcc8 24. Rd1 f4 25. Bxf4 Bxd4 26. Rd6 e5 27. Rxd8+ Rxd8 28. Bxe5 Re8 29. Rxd4 Rxe5+ 30. Kd3 Rxc5 31. f4 Kf7 32. g4 Rc1 33. h4 Rh1 34. h5 Rh3+ 35. Ke4 Rxa3 36. Rd7+ Kf8 37. Kf5 Rb3 38. Rd5 Rb6 39. Rxa5 h6 40. g5 hxg5 41. Kxg5 Kg8 42. Ra7 Kh7 43. Re7 Rb5+ 44. Re5 Rb1 45. Kf5 Rh1 46. Ke6 Ra1 47. Kf7 Ra7+ 48. Ke6 Ra6+ 49. Kf5 Rf6+ 50. Kg4 Ra6 51. Rd5 Ra1 52. Kf5 Ra6 53. Ke5 Ra4 54. Kf5 Ra6 55. Kg4 Rf6 56. Rg5 Ra6 57. Rd5 1/2-1/2


[Site "https://www.chess.com"]

[Event "Titled Tuesday Blitz March 01 Early 2022"]
[White "Escudero Donoso, Felipe"]
[Black "Shtyka, Sergey"]
[WhiteFideId "3410595"]
[BlackFideId "4138465"]
[WhiteElo "2184"]
[BlackElo "2014"]
[Result "0-1"]
[Round "03"]
[TimeControl "180+1"]
[Date "2022.03.01"]
[WhiteClock "0:00:01"]
[BlackClock "0:00:22"]

1. Nf3 c5 2. c4 Nc6 3. Nc3 g6 4. e3 Bg7 5. d4 cxd4 6. exd4 d6 7. d5 Ne5 8. Nxe5 Bxe5 9. Bd3 Bg7 10. Be3 Nf6 11. h3 O-O 12. Qd2 a6 13. O-O Bd7 14. Rfe1 Rb8 15. a4 Re8 16. a5 Qc8 17. b4 Bf5 18. c5 Bxd3 19. Qxd3 Nd7 20. Rac1 dxc5 21. Na4 Ne5 22. Qd2 c4 23. Nb6 Qf5 24. Red1 Red8 25. f4 Nd3 26. Rc2 Rxd5 27. Nxd5 Qxd5 28. Rxc4 Qxc4 29. Qxd3 Qxb4 30. f5 Qxa5 31. fxg6 hxg6 32. Bf4 Rf8 33. Qe2 e6 34. Bd6 Rd8 35. Qf3 Rxd6 36. Rxd6 Qc5+ 0-1


[Site "https://www.chess.com"]

[Event "Titled Tuesday Blitz March 01 Early 2022"]
[White "Eynullayev, Altay"]
[Black "Urbina Quiroz, Edwin"]
[WhiteFideId "13413562"]
[BlackFideId "6500650"]
[WhiteElo "2079"]
[BlackElo "2130"]
[Result "1-0"]
[Round "03"]
[TimeControl "180+1"]
[Date "2022.03.01"]
[WhiteClock "0:01:46"]
[BlackClock "0:00:10"]

1. e4 e5 2. Nf3 Nc6 3. Bb5 a6 4. Ba4 Nf6 5. O-O Be7 6. Re1 b5 7. Bb3 d6 8. a4 Rb8 9. d3 Bg4 10. c3 O-O 11. h3 Bh5 12. g4 Bg6 13. Nbd2 b4 14. a5 bxc3 15. bxc3 Qc8 16. Bc4 Nd7 17. Nf1 Kh8 18. Ng3 f6 19. Be3 Bf7 20. Bxf7 Rxf7 21. Qa4 Nd8 22. Reb1 c5 23. Qc4 Rf8 24. Nf5 Re8 25. h4 Bf8 26. h5 Qc6 27. Rxb8 Nxb8 28. Kg2 Nb7 29. N3h4 Qc7 30. Ng6+ hxg6 31. hxg6 d5 32. Qxd5 1-0


[Site "https://www.chess.com"]